AoeStats
← FirebirD

Scandinavia

510309059Analyzed
1v1 RM · 1d ago on Sep 30, 2026· 50m 45s· 2 players
Game mode
Random Map
Map size
Tiny (2 player)
Population
200
Speed
Normal
Resources
Standard
Victory
Conquest
Starting age
Dark Age
Ending age
Imperial Age
RankedLock teamsTeams togetherTeam positionsShared explorationLock speedFull tech treeHidden civsTurbo modeCheats
Victory
Defeat
🇪🇸 Wu · Spain
1820
+14
🇵🇪 Vietnamese · Peru
1772
-14
Ijusttry09
8:10 Loom
10:27 Feudal Age
10:55 Fishing Lines
11:03 Double-Bit Axe
17:24 Castle Age
18:24 Medium Warships
19:27 Gillnets
21:47 Squires
23:35 Wheelbarrow
23:03 Horse Collar
24:33 Bow Saw
25:08 Scale Mail Armor
26:34 Forging
31:45 Chain Mail Armor
34:59 Imperial Age
34:50 Fletching
35:37 Hand Cart
36:14 Paper Money
37:07 Ballistics
36:44 Bodkin Arrow
37:39 Padded Archer Armor
38:35 Bracer
39:32 Thumb Ring
41:07 Leather Archer Armor
42:22 Plate Mail Armor
41:14 Elite Fire Lancer
43:43 Ring Archer Armor
44:26 Chemistry
44:18 Pikeman
46:05 Scale Barding Armor
47:12 Chain Barding Armor
47:47 Bloodlines
47:38 Husbandry
48:29 Plate Barding Armor
47:20 Light Cavalry
47:20 Cavalier
49:12 Iron Casting
FirebirD
11:48 Feudal Age
12:42 Double-Bit Axe
15:32 Castle Age
13:28 Gold Mining
15:07 Scale Barding Armor
15:53 Bloodlines
15:56 Forging
16:33 Medium Warships
16:55 Loom
22:58 Bow Saw
22:29 Horse Collar
23:08 Stone Mining
24:42 Crossbowman
25:13 Fletching
25:25 Heavy Plow
26:58 Bodkin Arrow
31:49 Imperial Age
30:52 Ballistics
31:23 Wheelbarrow
31:18 Padded Archer Armor
32:15 Masonry
35:25 Arbalester
37:07 Chemistry
36:48 Husbandry
36:09 Light Cavalry
36:50 Bracer
38:17 Chain Barding Armor
40:01 Two-Man Saw
40:30 Plate Barding Armor
41:08 Leather Archer Armor
44:03 Conscription
46:39 Iron Casting
47:10 Architecture
48:36 Blast Furnace
47:34 Hussar
Connection lost

Rejoining the realm…

Still unreachable

The connection could not be restored.

Session expired

The server has moved on; the page needs a fresh start.